 Dungeon Crawl Stone Soup version 0.30.1 (webtiles) character file.

Game seed: 3262789928193667797

28 Ayven the Magician (level 3, -7/19 HPs)
             Began as a Deep Elf Hedge Wizard on July 1, 2023.
             Mangled by a gnoll
             ... wielding a +0 spear
              (8 damage)
             ... on level 2 of the Dungeon.
             The game lasted 00:11:22 (1238 turns).

Ayven the Magician (Deep Elf Hedge Wizard)          Turns: 1238, Time: 00:11:22

Health: -7/19      AC:  2    Str:  7    XL:     3   Next: 0%
Magic:  6/11       EV: 13    Int: 20    God:
Gold:   34         SH:  0    Dex: 14    Spells: 8/11 levels left

rFire   . . .        a - +0 dagger (flame)
rCold   . . .        (no shield)
rNeg    . . .        b - +0 robe
rPois   .            c - +0 hat
rElec   .            (no cloak)
rCorr   .            (no gloves)
SInv    .            (no boots)
Will    .....        (no amulet)
Stlth   ++           (no ring)
HPRegen 0.23/turn    (no ring)
MPRegen 0.12/turn

%: no passive effects
@: on blink cooldown, very slightly contaminated
A: no striking features
a: no special abilities


You were on level 2 of the Dungeon.
You visited 1 branch of the dungeon, and saw 2 of its levels.

You collected 34 gold pieces.

Inventory:

Hand Weapons
 a - a +0 dagger of flaming (weapon)
Armour
 b - a +0 robe (worn)
 c - a +0 hat (worn)
Jewellery
 n - an amulet of guardian spirit
Scrolls
 h - a scroll of identify {unknown}
 j - a scroll of poison {unknown}
 k - a scroll of magic mapping {unknown}
 m - a scroll of teleportation {unknown}
Potions
 d - a potion of magic
 e - a potion of mutation {unknown}
 g - 2 potions of berserk rage {unknown}
 i - a potion of heal wounds {unknown}
 l - a potion of cancellation {unknown}
 o - a potion of invisibility {unknown}


   Skills:
 + Level 3.0 Dodging
 + Level 2.7 Stealth
 + Level 4.6 Spellcasting
 + Level 1.7 Conjurations
 + Level 1.5 Summonings
 + Level 1.5 Translocations


You had 8 spell levels left.
You knew the following spells:

 Your Spells              Type           Power      Damage    Failure   Level
a - Magic Dart            Conj           44%        1d5       6%          1
b - Blink                 Tloc           20%        N/A       10%         2

Your spell library contained the following spells:

 Spells                   Type           Power      Damage    Failure   Level
 Call Imp                 Summ           20%        N/A       10%         2
 Slow                     Hex            16%        N/A       12%         1
 Cigotuvi's Dreadful Rot  Necr/Pois/Air  8%         N/A       19%         2
 Mephitic Cloud           Conj/Pois/Air  6%         N/A       28%         3


Dungeon Overview and Level Annotations

Branches:
Dungeon (2/15)

Altars:


Message History

Aim: a goblin, wielding a +0 dagger (severely wounded, 100% to hit)
The magic dart hits the goblin.
You kill the goblin!
You have reached level 3!
Your experience leads to an increase in your attributes!
Increase (S)trength, (I)ntelligence, or (D)exterity?
You feel clever. x2
A rat comes into view.
A gnoll comes into view. It is wielding a +0 whip.
A gnoll comes into view. It is wielding a +0 whip.
A gnoll comes into view. It is wielding a +0 flail.
You closely miss the gnoll. The gnoll barely misses you.
Casting: Magic Dart (safe; 6% risk of failure)
Confirm with . or Enter, or press ? or * to list all spells.
You miscast Blink.
You are very lightly contaminated with residual magic.
Nothing appears to happen.
The gnoll shouts!
You hear a shout!
A gnoll comes into view. It is wielding a +0 spear.
The gnoll barely misses you.
Casting: Blink (safe; 10% risk of failure)
Confirm with . or Enter, or press ? or * to list all spells.
You blink.
Found a fuming blue potion.
Found a stone staircase leading down.
The gnoll barely misses you.
Okay, then.
You hit the gnoll but do no damage. The gnoll closely misses you.
The gnoll hits you with a +0 whip.
You hit the gnoll. You burn the gnoll.
The gnoll is lightly wounded.
The gnoll hits you with a +0 spear! The gnoll closely misses you.
You closely miss the gnoll.
The gnoll is lightly wounded.
The gnoll hits you with a +0 spear.
* * * LOW HITPOINT WARNING * * *
The gnoll closely misses you. The rat bites you.
* * * LOW HITPOINT WARNING * * *
You hit the gnoll. You burn the gnoll.
The gnoll is moderately wounded.
The gnoll hits you with a +0 spear!
You die...

# ## ## ## >. !.
.... .#. #.##.#.
....#.#... #
..#.....#..#
.###..r###.#
..#...g@#..#
#...###ggg..... # ..
##.#.#.#. ..###.$..#
#..#..#.)#.#.......#
##...###.#.#.......+
#..#..#..#.#...†...#
........##.#........
#....#..##.#........


You could see 4 gnolls and a rat.

Vanquished Creatures
  A dart slug (D:1)
  2 endoplasms (D:1)
  4 goblins
  5 jackals (D:1)
  A kobold (D:1)
  A quokka (D:1)
  4 ball pythons
  3 frilled lizards (D:1)
  4 rats (D:1)
25 creatures vanquished.

Notes
Turn   | Place    | Note
-------+----------+-------------------------------------------
     0 | D:1      | Ayven the Deep Elf Hedge Wizard began the quest for the
                  | Orb.
     0 | D:1      | Reached XP level 1. HP: 10/10 MP: 7/7
   305 | D:1      | Reached XP level 2. HP: 15/15 MP: 6/9
   419 | D:1      | Learned a level 2 spell: Blink
  1225 | D:2      | Reached XP level 3. HP: 19/19 MP: 8/11
  1238 | D:2      | Mangled by a gnoll

Illustrated notes

Levels and vault maps discovered:
D:1:      matt_arrival_los_fun, layout_loops_ring, minmay_splitting_lines
D:2:      layout_basic, kennysheep_nondescript, minmay_strange_pillars,
          uniq_crazy_yiuf_cottage

Skill      XL: |  1  2 |
---------------+-------+-----
Dodging        | 3 |  3.0
Stealth        | |  2.7
Spellcasting   | |  4.6
Conjurations   | |  1.7
Summonings     | |  1.5
Translocations | |  1.5

Action                     || total
---------------------------++-------
  Melee: Dagger            ||    18
   Cast: Magic Dart        ||    48
         Blink             ||     6
    Use: Scroll            ||     1
   Stab: Sleeping          ||     2
 Armour: Robe              ||     4
  Dodge: Dodged            ||    43
